 Dungeon Crawl Stone Soup version 0.31-a0-1204-ge2c1a860ed (webtiles) character file.

Game seed: 6566097882673985025

294 jasper the Conjurer (level 6, -9/36 HPs)
             Began as an Octopode Conjurer on Dec 12, 2023.
             Shot with an arrow by a centaur (13 damage)
             ... on level 4 of the Dungeon.
             The game lasted 00:06:54 (3754 turns).

jasper the Conjurer (Octopode Conjurer)             Turns: 3754, Time: 00:06:54

Health: -9/36      AC:  1    Str:  6    XL:     6   Next: 34%
Magic:  9/12       EV: 13    Int: 22    God:
Gold:   180        SH:  0    Dex: 11    Spells: 2/13 levels left

rFire   . . .        n - +1 trident
rCold   . . .        (no shield)
rNeg    . . .        (helmet restricted)
rPois   .            (no amulet)
rElec   .            e - ring of willpower
rCorr   .            (no ring)
SInv    .            (no ring)
Will    +....        (no ring)
Stlth   +++          (no ring)
HPRegen 0.26/turn    (no ring)
MPRegen 0.13/turn    (no ring)
                     (no ring)

%: no passive effects
@: very slightly contaminated
A: almost no armour, amphibious, 8 rings, camouflage 1, gelatinous body 1,
(nimble swimmer 1), tentacles
a: no special abilities


You were on level 4 of the Dungeon.
You visited 1 branch of the dungeon, and saw 4 of its levels.

You collected 180 gold pieces.

Inventory:

Hand Weapons
 c - a +0 whip
 d - a +0 spear
 i - a +0 rapier
 m - a +2 vampiric short sword
 n - a +1 trident (weapon)
Missiles
 b - 52 stones
 f - 2 poisoned darts
 j - 5 javelins
Jewellery
 e - a ring of willpower (left tentacle)
Talismans
 q - a serpent talisman
Wands
 k - a wand of polymorph (12)
Scrolls
 a - 3 scrolls of fog
Potions
 g - 2 potions of enlightenment
 h - a potion of attraction
 l - a potion of curing {unknown}
 o - a potion of might
 p - a potion of haste


   Skills:
 - Level 2.0 Dodging
 - Level 2.6 Stealth
 + Level 4.1 Spellcasting
 + Level 6.2 Conjurations


You had 2 spell levels left.
You knew the following spells:

 Your Spells              Type           Power      Damage    Failure   Level
a - Magic Dart            Conj           100%       1d8       1%          1
b - Searing Ray           Conj           62%        2d6       1%          2
c - Fulminant Prism       Conj/Hex       9%         3d7       30%         4
d - Iskenderun's Mystic   Conj/Tloc      18%        2d6       30%         4

Your spell library contained the following spells:

 Spells                   Type           Power      Damage    Failure   Level
 Freeze                   Ice            16%        1d4       11%         1
 Slow                     Hex            16%        N/A       11%         1
 Dazzling Flash           Conj/Hex       36%        N/A       10%         3
 Hailstorm                Conj/Ice       18%        3d7       10%         3
 Iskenderun's Battlesphe  Conj           31%        2d8       24%         5
 Confusing Touch          Hex            4%         N/A       32%         3
 Frozen Ramparts          Ice            8%         1d2       32%         3
 Sigil of Binding         Hex            4%         N/A       32%         3
 Vampiric Draining        Necr           4%         2d6       32%         3
 Bombard                  Conj/Erth      9%         9d2       99%         6
 Spellforged Servitor     Conj/Summ      9%         N/A       100%        7


Dungeon Overview and Level Annotations

Branches:
Dungeon (4/15)
 Temple: D:4-7

Altars:


Innate Abilities, Weirdness & Mutations

You cannot wear most types of armour.
You are amphibious.
You can wear up to eight rings at the same time.
Your skin changes colour to match your surroundings (Stealth+).
Your rubbery body absorbs attacks. (AC +1, EV +1)
((You are camouflaged when in or above water. (Stealth+)))
You have tentacles for arms and can constrict up to eight enemies at once.


Message History

It is a scroll of enchant weapon.
Your +0 trident glows red for a moment.
You open the door.
There is an open door here.
There is an escape hatch in the floor here.
You slide downwards.
The hatch slams shut behind you.
Found a stone staircase leading down and a stone staircase leading up.
l - a fizzy golden potion
Aiming: Magic Dart (safe; 1% risk of failure)
Press: ? - help, Q - select action, (/) - cycle Shift-Dir - straight line, f - you
Okay, then.
A centaur comes into view.
A centaur is nearby!
Aiming: Magic Dart (safe; 1% risk of failure)
Press: ? - help, Q - select action, (/) - cycle Shift-Dir - straight line, f - centaur
Aim: a centaur (asleep, 100% to hit)
The magic dart hits the centaur.
The centaur is lightly wounded.
The centaur shouts!
The centaur wields a +0 shortbow.
The centaur shoots an arrow.
The arrow hits you!
You take 17 damage, and have 19/36 hp.
MASSIVE DAMAGE!!
You now have 11/12 mp.
Aiming: Magic Dart (safe; 1% risk of failure)
Press: ? - help, Q - select action, (/) - cycle Shift-Dir - straight line, f/p - centaur
Aim: a centaur, wielding a +0 shortbow (lightly wounded, 100% to hit)
You miscast Magic Dart.
You are very lightly contaminated with residual magic.
Nothing appears to happen.
The centaur shoots an arrow.
The arrow hits you!
* * * LOW HITPOINT WARNING * * *
You take 12 damage, and have 7/36 hp.
MASSIVE DAMAGE!!
You now have 10/12 mp.
Aiming: Magic Dart (safe; 1% risk of failure)
Press: ? - help, Q - select action, (/) - cycle Shift-Dir - straight line, f/p - centaur
Aim: a centaur, wielding a +0 shortbow (lightly wounded, 100% to hit)
The magic dart hits the centaur.
The centaur is moderately wounded.
The centaur shoots an arrow.
The arrow hits you.
* * * LOW HITPOINT WARNING * * *
The centaur shoots an arrow.
The arrow hits you!
You die...

. .# .#.#
.... #..#
#..# # #.. .#
#####.##.##.#
#....@..<...#
#c###.>#.##.#
# #......#
#.#.#..###
#.#.#..####
#..........
###.#######
### #.# ..#
#.#


You could see a centaur.

Vanquished Creatures
  An ice beast (D:3)
  A phantom (D:3)
  An orc wizard (D:3)
  2 adders
  A worm (D:2)
  3 dart slugs
  9 orcs (D:3)
  4 bats
  3 endoplasms
  5 goblins
  8 hobgoblins
  6 jackals (D:1)
  5 ball pythons
  3 frilled lizards
  11 kobolds
  8 rats
71 creatures vanquished.

Notes
Turn   | Place    | Note
-------+----------+-------------------------------------------
     0 | D:1      | jasper the Octopode Conjurer began the quest for the Orb.
     0 | D:1      | Reached XP level 1. HP: 11/11 MP: 3/3
    85 | D:1      | Found a faded altar of an unknown god.
   154 | D:1      | Reached XP level 2. HP: 17/17 MP: 3/5
   367 | D:1      | Learned a level 2 spell: Searing Ray
   630 | D:1      | Reached XP level 3. HP: 21/21 MP: 1/6
  1547 | D:2      | Reached skill level 5 in Conjurations
  1833 | D:2      | Reached XP level 4. HP: 27/27 MP: 4/8
  1838 | D:2      | Learned a level 4 spell: Fulminant Prism
  2572 | D:3      | Noticed a phantom
  2829 | D:3      | Reached XP level 5. HP: 31/31 MP: 4/9
  2977 | D:3      | Noticed an ice beast
  2989 | D:3      | Killed an ice beast
  3379 | D:3      | Learned a level 4 spell: Iskenderun's Mystic Blast
  3534 | D:3      | Killed a phantom
  3535 | D:3      | Reached skill level 6 in Conjurations
  3535 | D:3      | Reached XP level 6. HP: 31/36 MP: 3/12
  3754 | D:4      | Shot with an arrow by a centaur

Illustrated notes

Levels and vault maps discovered:
D:1:      scummos_arrival_hexagon, layout_loops_corners,
          hellmonk_ecumenical_altar_dog_temple
D:2:      layout_loops_ring
D:3:      layout_basic
D:4:      layout_loops_cross, nicolae_elevator_lobby_asterisk

Skill      XL: |  1  2  3  4  5 |
---------------+----------------+-----
Conjurations   | 5 6 |  6.2
Spellcasting   | 3 4 |  4.1
Dodging        | |  2.0
Stealth        | |  2.6

Action                     |  1- 3 |  4- 6 || total
---------------------------+-------+-------++-------
  Melee: Spear             |    12 |     2 ||    14
         Tentacles         |     3 |     1 ||     4
         Constrict         |     4 |     1 ||     5
         Trident           |       |     4 ||     4
   Cast: Magic Dart        |    68 |    45 ||   113
         Searing Ray       |     1 |     9 ||    10
    Use: Potion            |     1 |       ||     1
         Scroll            |     1 |     8 ||     9
 Armour: Skin              |    11 |    15 ||    26
  Dodge: Dodged            |    22 |     6 ||    28

Table legend: (Time is in decaauts)
 A = Elapsed time spent in this place.
 B = Non-inter-level travel time spent in this place.
 C = Inter-level travel time spent in this place.
 D = Time resting spent in this place.
 E = Time spent auto-exploring this place.
 F = Levels seen in this place.
 G = Mean time per level.
                   A        B        C        D        E       F      G
               +--------+--------+--------+--------+--------+-----+--------+
         Total |   3755 |   3632 |    123 |    241 |   2984 |   4 |  938.8 |
       Dungeon |   3755 |   3632 |    123 |    241 |   2984 |   4 |  938.8 |
               +--------+--------+--------+--------+--------+-----+--------+

Top non-repeatable levels by time:
     D:1: 1458 daAuts
     D:3: 1189 daAuts
     D:2: 1079 daAuts
     D:4: 28 daAuts
